 Dungeon Crawl Stone Soup version 0.21-a0-265-gb353147 (webtiles) character file.

4855 Gagarin the Destroyer (level 10, -1/112 HPs)
             Began as a Grey Draconian Conjurer on Sept 11, 2017.
             Was a Believer of Sif Muna.
             Slain by a catoblepas (5 damage)
             ... on level 1 of the Lair of Beasts.
             The game lasted 00:46:42 (11294 turns).

Gagarin the Destroyer (Grey Draconian Conjurer)    Turns: 11294, Time: 00:46:43

Health: -1/112     AC: 13    Str: 15    XL:     10   Next: 25%
Magic:  5/22       EV: 15    Int: 20    God:    Sif Muna [**....]
Gold:   519        SH:  0    Dex: 11    Spells: 13/25 levels left

rFire    + . .     SeeInvis .   s - +3 falchion (holy)
rCold    . . .     Gourm    .   (no shield)
rNeg     . . .     Faith    +   (armour unavailable)
rPois    .         Spirit   .   (helmet restricted)
rElec    .         Reflect  .   (no cloak)
rCorr    .         Harm     .   x - +0 pair of gloves
MR       .....                  (no boots)
Stlth    ..........             y - amulet of faith
HPRegen  0.28/turn              f - ring of protection from fire
MPRegen  0.18/turn              (no ring)

@: berserking, very quick
A: walk through water, unfitting armour, unbreathing, cold-blooded, AC +12
a: Divine Energy, Renounce Religion


You were on level 1 of the Lair of Beasts.
You worshipped Sif Muna.
Sif Muna was pleased with you.
You were hungry.

You visited 3 branches of the dungeon, and saw 10 of its levels.

You collected 519 gold pieces.

Inventory:

Hand Weapons
 s - a +3 falchion of holy wrath (weapon)
Missiles
 u - 70 sling bullets (quivered)
Armour
 x - a +0 pair of gloves (worn)
Jewellery
 c - an uncursed amulet of harm
 f - a ring of protection from fire (left hand)
 p - an uncursed amulet of guardian spirit
 y - an amulet of faith (around neck)
Wands
 m - a wand of iceblast (9/15)
 q - a wand of enslavement (12/24)
 r - a wand of disintegration (0/24)
 t - a wand of random effects (28/48)
 A - a wand of clouds (5/9)
 C - a wand of disintegration (9/24)
 F - a wand of flame (10/48)
Scrolls
 g - 2 scrolls of teleportation
 j - a scroll of amnesia {unknown}
 n - 2 scrolls of enchant weapon
 z - 2 scrolls of enchant armour {unknown}
 B - a scroll of fear
 H - a scroll of remove curse
 I - a scroll of recharging {unknown}
Potions
 d - a potion of haste {unknown}
 i - 2 potions of agility
 l - a potion of brilliance {unknown}
 o - 2 potions of lignification {unknown}
 w - 2 potions of flight {unknown}
 E - a potion of degeneration {unknown}
Books
 a - a book of Conjurations

   Spells                             Type                      Level
   a - Magic Dart                     Conjuration                  1
   b - Searing Ray                    Conjuration                  2
   c - Dazzling Spray                 Conjuration/Hexes            3
   d - Fulminant Prism                Conjuration/Hexes            4
   e - Force Lance                    Conjuration/Translocation    4
   f - Iskenderun's Mystic Blast      Conjuration                  4
 e - a book of Cantrips

   Spells                             Type                      Level
   a - Confusing Touch                Hexes                        1
   b - Animate Skeleton               Necromancy                   1
   c - Summon Small Mammal            Summoning                    1
   d - Apportation                    Translocation                1
Comestibles
 b - 2 bread rations
 h - 5 royal jellies
 k - 4 chunks of flesh
 D - 24 fruits
 G - a meat ration


   Skills:
 - Level 2.8 Fighting
 - Level 2.7 Long Blades
 + Level 7.0 Dodging
 - Level 1.7 Stealth
 + Level 8.4 Spellcasting
 + Level 9.8 Conjurations


You had 13 spell levels left.
You knew the following spells:

 Your Spells              Type           Power        Failure   Level  Hunger
a - Magic Dart            Conj           ####         1%          1    None
b - Searing Ray           Conj           #####.       1%          2    None
c - Dazzling Spray        Conj/Hex       ####..       3%          3    None
d - Apportation           Tloc           #.....       9%          1    None
e - Confusing Touch       Hex            #.....       9%          1    None
f - Iskenderun's Mystic   Conj           #####...     1%          4    ###....


Dungeon Overview and Level Annotations

Branches:
Dungeon (8/15)             Temple (1/1) D:7            Lair (1/6) D:8

Altars:
Ashenzari
Cheibriados
Dithmenos
Elyvilon
Fedhas
Gozag
Hepliaklqana
Kikubaaqudgha
Makhleb
Nemelex Xobeh
Okawaru
Qazlal
Ru
Sif Muna
Trog
Uskayaw
Vehumet
Xom
Yredelemnul
Zin
The Shining One


Innate Abilities, Weirdness & Mutations

You can walk through water.
Your dull iron-grey scales are very hard. (AC +12)
You cannot fit into any form of body armour.
You can survive without breathing.
You are cold-blooded and may be slowed by cold attacks.


Message History

Aiming: Iskenderun's Mystic Blast
Press: ? - help, Shift-Dir - straight line, f/p - catoblepas
Aim: a catoblepas (calcifying dust, heavily wounded)
The orb of energy hits the catoblepas.
The catoblepas is severely wounded.
The orb of energy explodes!
The catoblepas gores you!!
* * * LOW HITPOINT WARNING * * *
The catoblepas breathes a plume of calcifying dust at you.
The blast of calcifying dust hits you!
Really walk into that cloud of calcifying dust?
Okay, then.
A red film seems to cover your vision as you go berserk!
You feel yourself moving faster!
You feel mighty!
You are feeling hungry.
The catoblepas gores you.
* * * LOW HITPOINT WARNING * * *
You barely miss the catoblepas.
The catoblepas is heavily wounded.
The catoblepas gores you.
You die...

###### ## ###
#####.##P########P#############.#
................@§...............
....)#######..>.Y####..#...<.####
.....########...##P##.###....#
.....##.....+....#.....##....# ##
......#....#....##.....##....# #.
.....##.....#..........##....###.
.....##....##....#.....##....P##.
.....##....##...##.....##...(##..
.....+...÷.##...#P.....##....###.


You could see a catoblepas.

Vanquished Creatures
  Pikel (D:5)
  An ugly thing (D:8)
  A spiny frog (Lair:1)
  A hippogriff (Lair:1)
  3 water moccasins
  A hungry ghost (D:8)
  2 porcupines
  5 orc warriors
  A slave (D:6)
  3 ice beasts
  A sky beast (D:8)
  A black bear (D:8)
  4 ogres
  A phantom (D:8)
  2 wolves (Lair:1)
  A centaur (D:8)
  A crocodile (D:7)
  A big kobold (D:8)
  2 bullfrogs
  A water moccasin skeleton (D:8)
  7 howler monkeys
  2 hounds (D:8)
  An orc priest (D:6)
  A bullfrog skeleton (D:5)
  A centaur skeleton (D:8)
  4 orc wizards
  4 worker ants
  A hound skeleton (D:8)
  4 gnolls (D:5)
  9 adders
  2 shadow imps (D:5)
  An ooze (D:4)
  2 adder skeletons
  4 worms
  8 leopard geckos
  21 orcs
  A ball python (D:5)
  A giant cockroach (D:1)
  8 goblins
  9 hobgoblins
  7 jackals
  2 quokkas
  15 bats
  4 frilled lizards
  5 kobolds
  A leopard gecko skeleton (D:5)
  A quokka skeleton (D:4)
  A quokka zombie (D:8)
  7 rats
168 creatures vanquished.

Vanquished Creatures (collateral kills)
  A wolf (D:8)
1 creature vanquished.

Grand Total: 169 creatures vanquished

Notes
Turn   | Place    | Note
-------+----------+-------------------------------------------
     0 | D:1      | Gagarin the Draconian Conjurer began the quest for the Orb.
     0 | D:1      | Reached XP level 1. HP: 14/14 MP: 3/3
   295 | D:1      | Reached XP level 2. HP: 19/20 MP: 1/5
   316 | D:1      | Learned a level 2 spell: Searing Ray
   788 | D:2      | Reached XP level 3. HP: 17/26 MP: 3/6
  1878 | D:3      | Reached skill level 5 in Conjurations
  1878 | D:3      | Reached XP level 4. HP: 33/33 MP: 2/8
  1917 | D:3      | Found a bloodstained altar of Trog.
  2093 | D:3      | Learned a level 3 spell: Dazzling Spray
  2299 | D:3      | Reached XP level 5. HP: 34/38 MP: 6/10
  2425 | D:3      | You fall through a shaft!
  2452 | D:4      | Noticed an ogre
  2473 | D:4      | Killed an ogre
  2901 | D:4      | Noticed an ogre
  2913 | D:4      | Killed an ogre
  2913 | D:4      | Reached skill level 6 in Conjurations
  2913 | D:4      | Reached XP level 6. HP: 45/45 MP: 3/12
  3162 | D:4      | Found a snail-covered altar of Cheibriados.
  3415 | D:5      | Entered Level 5 of the Dungeon
  3754 | D:5      | Learned a level 1 spell: Apportation
  4080 | D:5      | Noticed Pikel
  4080 | D:5      | Noticed a slave
  4081 | D:5      | Noticed a slave
  4103 | D:5      | Noticed a slave
  4515 | D:5      | Reached skill level 1 in Fighting
  4515 | D:5      | Reached skill level 1 in Long Blades
  4814 | D:4      | Learned a level 1 spell: Confusing Touch
  5204 | D:5      | Noticed a slave
  5210 | D:5      | HP: 2/47 [disintegration (7)]
  5562 | D:6      | Noticed an orc warrior
  5854 | D:6      | Killed a slave
  5929 | D:6      | Your scales start taking on a dull iron-grey colour.
  5929 | D:6      | Reached XP level 7. HP: 48/52 MP: 9/14
  5929 | D:6      | Gained mutation: You can survive without breathing. [Grey Draconian growth]
  6053 | D:6      | Reached skill level 5 in Spellcasting
  8152 | D:7      | Reached XP level 8. HP: 57/62 MP: 7/16
  8214 | D:7      | Learned a level 4 spell: Iskenderun's Mystic Blast
  8243 | D:7      | Found a staircase to the Ecumenical Temple.
  8256 | Temple   | Entered the Ecumenical Temple
  8356 | Temple   | Became a worshipper of Sif Muna the Loreminder
  8547 | D:7      | Reached skill level 7 in Conjurations
  9196 | D:5      | Killed Pikel
  9402 | D:8      | Reached skill level 8 in Conjurations
  9404 | D:8      | Reached * piety under Sif Muna
  9404 | D:8      | Reached XP level 9. HP: 29/68 MP: 7/19
  9458 | D:8      | Reached skill level 5 in Dodging
  9619 | D:8      | Found a staircase to the Lair.
  9779 | D:8      | Noticed a purple ugly thing
  9805 | D:8      | Killed a purple ugly thing
 10011 | D:8      | Reached skill level 9 in Conjurations
 10212 | D:8      | Reached ** piety under Sif Muna
 10603 | Lair:1   | Entered Level 1 of the Lair of Beasts
 10692 | Lair:1   | Noticed a spiny frog
 10697 | Lair:1   | Killed a spiny frog
 10697 | Lair:1   | Reached XP level 10. HP: 75/75 MP: 7/22
 10701 | Lair:1   | Noticed a catoblepas
 11293 | Lair:1   | HP: 4/112 [catoblepas (6)]
 11294 | Lair:1   | Slain by a catoblepas

Vault maps used:
D:1:      giann_horns, minmay_misc_feat_diagonals, dk_noncrumbling_3
D:2:      roderic_serpentine_path
D:3:      nicolae_overflow_crystal_walls, first_bread
D:4:      serial_forest, infiniplex_forest_clump_tiny,
          infiniplex_forest_corner_1, infiniplex_forest_clump_medium,
          infiniplex_forest_clump_curved, infiniplex_forest_corner_1,
          infiniplex_forest_straight_5, infiniplex_forest_end_3,
          infiniplex_forest_join, infiniplex_forest_straight_1,
          infiniplex_forest_straight_2, cheibriados_altar_1
D:5:      dk_noncrumbling_4, corexii_item_surrounded_by_moat,
          minmay_misc_feat_pillars, uniq_pikel
D:6:      minmay_holes
D:7:      minmay_temple_entry_overgrown
D:8:      grunt_lair_entry_orc_guard_hut, blue_anna_alchemist
Temple:   regret_index_temple_sigil_plot
Lair:1:   grunt_forest_large_clearings

Skill      XL: |  1  2  3  4  5  6  7  8  9 10 |
---------------+-------------------------------+-----
Spellcasting   | 3 4 5 6 8 |  8.4
Conjurations   | 5 6 8 9 |  9.8
Fighting       | 1 2 |  2.8
Long Blades    | 1 2 |  2.7
Dodging        | 3 4 6 7 |  7.0
Stealth        | |  1.7

Action                   |  1- 3 |  4- 6 |  7- 9 | 10-12 || total
-------------------------+-------+-------+-------+-------++-------
Melee: Unarmed           |    12 |       |     1 |       ||    13
       Short sword       |   117 |    17 |       |       ||   134
       Tailslap          |     6 |    18 |    10 |     2 ||    36
       Falchion          |       |    96 |    88 |    16 ||   200
 Cast: Magic Dart        |    19 |    72 |    93 |    10 ||   194
       Searing Ray       |     2 |    14 |    24 |     6 ||    46
       Dazzling Spray    |       |    11 |     3 |       ||    14
       Confusing Touch   |       |     3 |     3 |       ||     6
       Apportation       |       |     1 |       |       ||     1
       Iskenderun's Myst |       |       |    23 |    15 ||    38
Evoke: Wand              |       |       |     1 |     2 ||     3
  Use: Scroll            |       |     3 |     7 |     1 ||    11
       Potion            |       |     3 |       |     1 ||     4
 Stab: Sleeping          |     3 |     3 |     1 |       ||     7
  Eat: Chunk             |     3 |     7 |     4 |     3 ||    17
       Meat ration       |       |     1 |     1 |       ||     2
       Bread ration      |       |     1 |     2 |       ||     3
Armor: Skin              |    49 |    33 |    50 |    28 ||   160
Dodge: Dodged            |    93 |   111 |   119 |    43 ||   366
       Rpst.: Falchion   |       |    27 |    30 |    17 ||    74

Table legend:
 A = Spawn XP
 B = Non-spawn XP
 C = Spawn XP percentage of total XP
 D = Spawn monster count
 E = Non-spawn monster count
 F = Spawn count percentage of total count
 G = Total turns spent on level
                    A         B        C        D         E        F      G
               +---------+---------+-------+---------+---------+-------+---------
         Total |       0 |    6936 |   0.0 |       0 |     168 |   0.0 | 11294
               +---------+---------+-------+---------+---------+-------+---------
           D:1 |       0 |      31 |   0.0 |       0 |      20 |   0.0 |   753
           D:2 |       0 |      49 |   0.0 |       0 |      20 |   0.0 |   888
           D:3 |       0 |     125 |   0.0 |       0 |      34 |   0.0 |   958
           D:4 |       0 |     264 |   0.0 |       0 |       9 |   0.0 |  1479
           D:5 |       0 |     935 |   0.0 |       0 |      24 |   0.0 |  2044
           D:6 |       0 |     364 |   0.0 |       0 |       8 |   0.0 |  1977
           D:7 |       0 |     936 |   0.0 |       0 |      14 |   0.0 |  1152
           D:8 |       0 |    2876 |   0.0 |       0 |      32 |   0.0 |  1372
        Lair:1 |       0 |    1356 |   0.0 |       0 |       7 |   0.0 |   547
               +---------+---------+-------+---------+---------+-------+---------
